Map: Ulrena

Players

LilDicky

  • Race: Terran Terran
  • League: Diamond

IMnoGG - Winner!

  • Race: Protoss Protoss

VOD

http://www.twitch.tv/tumescentpie

Description

Time

  • Played on: Jan. 2, 2016, 1:11 a.m.
  • Length: 7:38
Show
View Real Time Build Order
Export as new Build Order

LilDicky Terran 

Build Orders: Banshee Rush 

Get SALT Encoding   

  12  0:01  SCV  
  13  0:13  SCV  
  14  0:18  Supply Depot  
  14  0:25  SCV  
  15  0:30  Refinery  
  15  0:39  SCV  
  16  0:45  Barracks  
  16  0:53  SCV  
  17  1:09  Refinery  
  17  1:10  SCV  
  18  1:22  SCV  
  19  1:33  Reaper  
  19  1:34  Supply Depot, Orbital Command  
  20  1:48  Factory  
  20  2:00  SCV  
  21  2:08  Marine  
  21  2:14  SCV  
  23  2:19  Supply Depot  
  23  2:26  SCV  
  24  2:37  Marine  
  23  2:39  Factory Tech Lab, Starport  
  23  2:40  SCV  
  25  2:45  Supply Depot  
  25  2:52  SCV  
  25  2:54  Marine  
  27  3:04  SCV  
  28  3:15  Marine  
  29  3:28  Factory Tech Lab  
  29  3:30  SCV  
  29  3:33  Marine  
  30  3:42  Banshee, Cloaking Field  
  30  3:43  SCV  
  30  3:47  Siege Tank  
  37  3:51  Marine  
  37  3:55  SCV  
  38  4:07  SCV  
  36  4:11  Marine  
  37  4:19  SCV  
  37  4:25  Banshee  
  40  4:31  SCV  
  40  4:32  Marine, Fusion Core  
  40  4:36  Command Center  
  40  4:38  Supply Depot  
  42  4:43  SCV  
  43  4:55  SCV  
  43  4:58  Liberator  
  44  5:08  SCV, Siege Tank  
  45  5:17  Supply Depot  
  45  5:20  SCV, Supply Depot  
  49  5:27  Supply Depot, Advanced Ballistics  
  40  5:55  Siege Tank  
  40  6:05  Liberator  
  40  6:06  Marine  
  41  6:12  SCV  
  41  6:14  Refinery, Barracks x2  
  41  6:16  Orbital Command  
  41  6:17  Refinery  
  42  6:25  SCV  
  46  6:26  Marine  
  46  6:27  Widow Mine  
  49  6:37  SCV  
  50  6:44  Marine  
  50  6:49  SCV  
  51  6:56  Siege Tank  
  51  7:01  Supply Depot, SCV  
  55  7:02  Marine  
  55  7:04  Marine x2  
  62  7:15  Bunker  
  62  7:16  Supply Depot  
  62  7:19  Marine  
Show
View Real Time Build Order
Export as new Build Order

IMnoGG Protoss - Winner!

Build Orders:  

Get SALT Encoding   

  12  0:01  Probe (Chrono Boost)  
  13  0:12  Probe (Chrono Boost)  
  14  0:21  Pylon  
  14  0:22  Probe (Chrono Boost)  
  15  0:39  Probe (Chrono Boost), Gateway  
  17  0:50  Probe (Chrono Boost)  
  17  0:51  Assimilator  
  17  0:54  Assimilator  
  17  1:00  Probe (Chrono Boost)  
  18  1:11  Probe (Chrono Boost), Gateway  
  19  1:21  Probe (Chrono Boost)  
  20  1:26  Cybernetics Core  
  20  1:32  Probe (Chrono Boost)  
  21  1:38  Pylon  
  21  1:42  Probe (Chrono Boost)  
  22  1:53  Probe (Chrono Boost)  
  23  2:03  Adept x2  
  23  2:04  Warp Gate (Chrono Boost)  
  23  2:07  Mothership Core  
  29  2:16  Pylon  
  29  2:26  Pylon  
  29  2:28  Probe  
  30  2:41  Probe  
  31  2:52  Adept x2  
  35  3:05  Nexus  
  35  3:09  Probe  
  36  3:27  Probe  
  36  3:29  Pylon  
  37  3:39  Probe  
  38  3:47  Pylon  
  38  3:51  Probe  
  38  3:52  Pylon  
  39  3:56  Assimilator  
  39  3:58  Assimilator  
  39  4:02  Forge, Robotics Facility  
  39  4:03  Probe  
  38  4:14  Twilight Council  
  38  4:15  Probe  
  39  4:25  Probe  
  39  4:27  Probe  
  41  4:36  Probe  
  42  4:40  Probe  
  42  4:41  Pylon  
  42  4:45  Photon Cannon  
  43  4:46  Probe  
  43  4:52  Probe  
  43  4:55  Observer (Chrono Boost)  
  43  4:57  Stalker  
  43  4:58  Stalker  
  48  5:04  Photon Cannon  
  46  5:13  Probe x2  
  48  5:16  Resonating Glaives (Chrono Boost)  
  48  5:20  Dark Shrine  
  48  5:25  Probe x2  
  50  5:32  Stalker  
  52  5:37  Probe x2  
  52  5:40  Stalker  
  56  5:51  Probe x2  
  56  5:54  Warp Prism  
  58  6:02  Gateway  
  58  6:03  Probe x2, Gateway  
  62  6:14  Gateway  
  62  6:16  Gateway  
  62  6:22  Probe x2  
  62  6:53  Probe x2  
  64  6:58  Pylon  
  64  6:59  Adept x2  
  64  7:00  Adept  
  70  7:01  Adept  
  70  7:05  Probe x2  
  74  7:17  Probe x2  
  74  7:19  Dark Templar  
  74  7:20  Dark Templar x2  
  82  7:27  Dark Templar x2  
  82  7:28  Stalker  
Tags
 
Add a new tag
Caveats
  • Supply blocks, unpowered buildings, or Contaminate may cause inaccurate times.
  • Supply counts are checked every 10 seconds.